 Dungeon Sprint DCSS version 0.27-a0-489-g24c7b1a3ef (webtiles) character file.

Game seed: 16808946799496311812

65 rocky1 the Geomancer (level 3, -1/37 (39) HPs)
             Began as a Draconian Earth Elementalist on Mar 2, 2021.
             Was a Priest of Sif Muna.
             Slain by Edmund
             ... wielding a +1 flail of protection
              (9 damage)
             ... in the Dungeon (Sprint VII: "The Pits").
             The game lasted 00:03:58 (676 turns).

rocky1 the Geomancer (Draconian Earth Elementalist)  Turns: 676, Time: 00:03:59

HP:   -1/37 (39)    AC:  5    Str: 10    XL:     3   Next: 92%
MP:   6/6           EV: 12    Int: 16    God:    Sif Muna [***...]
Gold: 0             SH:  0    Dex: 11    Spells: 2/6 levels left

rFire    . . .     SeeInvis .   o - +1 quarterstaff (speed)
rCold    . . .     Faith    .   (shield currently unavailable)
rNeg     . . .     Spirit   .   (armour unavailable)
rPois    .         Reflect  .   (helmet restricted)
rElec    .         Harm     .   (no cloak)
rCorr    .         Rampage  .   (no gloves)
Will     .....     NoTele   +   (no boots)
Stlth    ..........             (no amulet)
HPRegen  0.12/turn              (no ring)
MPRegen  0.10/turn              (no ring)

@: berserking, very slightly contaminated, lightly drained, invisible, very
quick
A: unfitting armour, cold-blooded, AC +5
a: Renounce Religion, Channel Magic, Forget Spell


You were in the Dungeon.
You worshipped Sif Muna.
Sif Muna was most pleased with you.
You visited 1 branch

Inventory:

Hand Weapons
 k - a +2 long sword of flaming
 n - a +2 hand axe of freezing
 o - a +1 quarterstaff of speed (weapon)
Missiles
 b - 25 stones
Scrolls
 h - a scroll of blinking
 i - 5 scrolls of amnesia
 j - a scroll of summoning
Potions
 a - a potion of invisibility
 c - 6 potions of curing
 d - 4 potions of heal wounds
 e - a potion of haste
 f - 3 potions of magic
 g - 2 potions of berserk rage


   Skills:
 - Level 1.7 Dodging
 - Level 1.7 Stealth
 + Level 2.0 Spellcasting
 - Level 1.0 Transmutations
 + Level 8.3 Earth Magic
 + Level 0.1 Invocations


You had 2 spell levels left.
You knew the following spells:

 Your Spells              Type           Power        Failure   Level
a - Sandblast             Erth           56%          1%          1
b - Stone Arrow           Conj/Erth      28%          12%         3

Your spell library contained the following spells:

 Spells                   Type           Power        Failure   Level
 Passwall                 Tmut/Erth      13%          4%          2
 Lee's Rapid Deconstruct  Erth           14%          19%         5
 Petrify                  Tmut/Erth      16%          30%         4


Dungeon Overview and Level Annotations

Branches:
Dungeon (1/1)

Altars:
Ashenzari
Cheibriados
Dithmenos
Elyvilon
Fedhas
Gozag
Hepliaklqana
Kikubaaqudgha
Makhleb
Nemelex Xobeh
Okawaru
Qazlal
Ru
Sif Muna
Trog
Uskayaw
Vehumet
Wu Jian
Xom
Yredelemnul
Zin
The Shining One
Beogh
Jiyva
Lugonu

Annotations:
D Edmund


Innate Abilities, Weirdness & Mutations

Your plain brown scales are hard. (AC +5)
You cannot fit into any form of body armour.
You are cold-blooded and may be slowed by cold attacks.


Message History

You are very lightly contaminated with residual magic.
Unknown command.
A red film seems to cover your vision as you go berserk!
You feel yourself moving faster!
You feel mighty!
The wight hits you from afar with a +0 halberd!
You feel drained.
Edmund hits you with a +1 flail of protection.
* * * LOW HITPOINT WARNING * * *
You barely miss Edmund.
Edmund is moderately wounded.
Edmund completely misses you.
You closely miss Edmund.
Edmund is moderately wounded.
You catch the helpless Edmund completely off-guard!
You sock Edmund!
Edmund is moderately wounded.
Edmund completely misses you.
You barely miss Edmund.
Edmund is moderately wounded.
You strike the helpless Edmund from behind!
You sock Edmund!
Edmund is heavily wounded.
The wight misses you.
You hit Edmund. You tail-slap Edmund, but do no damage.
Edmund is severely wounded.
Edmund barely misses you.
You completely miss Edmund.
Edmund is severely wounded.
The orc wizard shouts!
You hit Edmund but do no damage.
Edmund is severely wounded.
Edmund hits you but does no damage.
You closely miss Edmund.
Edmund is severely wounded.
The orc wizard shouts!
You barely miss Edmund.
Edmund is severely wounded.
The orc wizard shouts!
Edmund hits you with a +1 flail of protection!
You die...

##########'##.....
#.?..')))'.##.....
##########.##.....
#...........'.....
#'#####'#####.....
#.#..#.....##.....
#.#).#####'#####'#
#.#))#.....##.....
#@#).#..[..##.....
#@#[[###'####.....
#z##'#.....##...<.
#)#........##.....
#h#........##.....
#o###########.....
#.. ###### #..#
#...


You could see Edmund, a hound, a wight and an orc wizard (wandering).

Vanquished Creatures
  An orc priest (D)
  A worker ant (D)
  2 orcs (D)
  A ball python (D)
  A goblin (D)
  3 quokkas (D)
  A bat (D)
  2 frilled lizards (D)
12 creatures vanquished.

Notes
Turn   | Place    | Note
-------+----------+-------------------------------------------
     0 | D        | rocky1 the Draconian Earth Elementalist began the quest for
                  | the Orb.
     0 | D        | Reached XP level 1. HP: 14/14 MP: 3/3
    22 | D        | Found a bloodstained altar of Trog.
    22 | D        | Found a shimmering blue altar of Sif Muna.
    22 | D        | Found a viscous altar of Jiyva.
    22 | D        | Found a hazy altar of Hepliaklqana.
    22 | D        | Found an opulent altar of Gozag.
    23 | D        | Found a glowing golden altar of the Shining One.
    23 | D        | Found a glowing silver altar of Zin.
    23 | D        | Found a basalt altar of Yredelemnul.
    23 | D        | Found a shimmering altar of Xom.
    23 | D        | Found an ornate altar of the Wu Jian Council.
    23 | D        | Found a sacrificial altar of Ru.
    23 | D        | Found a stormy altar of Qazlal.
    23 | D        | Found an iron altar of Okawaru.
    23 | D        | Found a sparkling altar of Nemelex Xobeh.
    23 | D        | Found a burning altar of Makhleb.
    23 | D        | Found a blossoming altar of Fedhas.
    23 | D        | Found a white marble altar of Elyvilon.
    23 | D        | Found a shadowy altar of Dithmenos.
    23 | D        | Found a snail-covered altar of Cheibriados.
    26 | D        | Found a corrupted altar of Lugonu.
    26 | D        | Found a radiant altar of Vehumet.
    26 | D        | Found a roughly hewn altar of Beogh.
    27 | D        | Found an ancient bone altar of Kikubaaqudgha.
    27 | D        | Found a hide-covered altar of Uskayaw.
    27 | D        | Found a broken altar of Ashenzari.
    30 | D        | Became a worshipper of Sif Muna the Loreminder
    95 | D        | Noticed a worker ant
   102 | D        | Killed a worker ant
   103 | D        | Reached skill level 6 in Earth Magic
   103 | D        | Reached XP level 2. HP: 20/20 MP: 0/5
   157 | D        | Reached * piety under Sif Muna
   207 | D        | Reached XP level 3. HP: 11/26 MP: 4/6
   212 | D        | Reached ** piety under Sif Muna
   213 | D        | Reached skill level 8 in Earth Magic
   226 | D        | Reached *** piety under Sif Muna
   619 | D        | Learned a level 3 spell: Stone Arrow
   649 | D        | Noticed Edmund
   676 | D        | Slain by Edmund

Illustrated notes

Levels and vault maps discovered:
D:        pitsprint [storerooms_1, entrance_room_1, metal_vault_8, armoury_2,
          mini_pit_1, grid_room_1, main_hall_1, silver_pit, the_coven_3,
          the_vestibule_1, steel_vault_1, golden_pit, hallway_of_sentries,
          crystal_vault_2, iron_vault_1, final_vault]

Skill      XL: |  1  2  3 |
---------------+----------+-----
Earth Magic    | 6 8 |  8.3
Dodging        | |  1.7
Stealth        | |  1.7
Spellcasting   | |  2.0
Transmutations | |  1.0
Invocations    | |  0.1

Action                   || total
-------------------------++-------
Melee: Quarterstaff      ||    37
       Unarmed           ||     1
       Tailslap          ||     1
 Cast: Sandblast         ||    15
  Use: Potion            ||     5
 Stab: Sleeping          ||     2
       Invisible         ||     2
Armor: Skin              ||    29
Dodge: Dodged            ||    48

Table legend: (Time is in decaauts)
 A = Elapsed time spent in this place.
 B = Non-inter-level travel time spent in this place.
 C = Inter-level travel time spent in this place.
 D = Time resting spent in this place.
 E = Time spent auto-exploring this place.
 F = Levels seen in this place.
 G = Mean time per level.
                   A        B        C        D        E       F      G
               +--------+--------+--------+--------+--------+-----+--------+
         Total |    678 |    678 |      0 |    430 |      0 |   1 |  678.0 |
       Dungeon |    678 |    678 |      0 |    430 |      0 |   1 |  678.0 |
               +--------+--------+--------+--------+--------+-----+--------+

Top non-repeatable levels by time:
       D: 678 daAuts
